 Dungeon Crawl Stone Soup version 0.27-a0-1177-g245c70e1c0 (webtiles) character file.

Game seed: 3231973496894073322

221 Grimdewalt the Skirmisher (level 6, -6/47 HPs)
             Began as a Djinni Warper on May 16, 2021.
             Shot with an arrow by a centaur (8 damage)
             ... on level 6 of the Dungeon.
             The game lasted 00:04:56 (3062 turns).

Grimdewalt the Skirmisher (Djinni Warper)           Turns: 3062, Time: 00:04:56

Health: -6/47      AC:  3    Str: 12    XL:     6   Next: 19%
Gold:   110        EV: 12    Int: 14    God:
                   SH:  0    Dex: 13

rFire    + + .     SeeInvis .   a - +0 mace
rCold    x . .     Faith    .   (no shield)
rNeg     . . .     Spirit   .   b - +0 leather armour
rPois    ∞         Reflect  .   (no helmet)
rElec    .         Harm     .   (no cloak)
rCorr    .         Rampage  .   (no gloves)
Will     .....                  (boots unavailable)
Stlth    +.........             (no amulet)
HPRegen  0.15/turn              (no ring)
MPRegen  0.00/turn              (no ring)

@: flying
A: sickness immunity, fire resistance 2, cold vulnerability 1, float, innate
caster, hp casting, extra vitality 1
a: no special abilities


You were on level 6 of the Dungeon.
You visited 1 branch of the dungeon, and saw 4 of its levels.

You collected 110 gold pieces.

Inventory:

Hand Weapons
 a - a +0 mace (weapon)
Missiles
 e - 5 boomerangs of dispersal (quivered)
 i - 5 boomerangs
Armour
 b - a +0 leather armour (worn)
Wands
 h - a wand of iceblast (7)
Scrolls
 c - 2 scrolls of teleportation {unknown}
 d - 2 scrolls of blinking
 f - 3 scrolls of identify {unknown}
 g - a scroll of immolation {unknown}
 j - a scroll of silence {unknown}
 k - a scroll of summoning {unknown}


   Skills:
 + Level 3.7 Fighting
 + Level 3.1 Maces & Flails
 - Level 0.7 Throwing
 - Level 1.0 Armour
 - Level 2.1 Dodging
 + Level 3.4 Spellcasting


You couldn't memorise any spells.
You knew the following spells:

 Your Spells              Type           Power      Damage    Failure   Level
a - Blink                 Tloc           N/A        N/A       10%         2
b - Lesser Beckoning      Tloc           6%         N/A       19%         3
c - Gell's Gravitas       Tloc           6%         N/A       19%         3
d - Teleport Other        Tloc           12%        N/A       19%         3
e - Manifold Assault      Tloc           12%        N/A       86%         5
f - Magic Dart            Conj           48%        1d5       6%          1
g - Static Discharge      Conj/Air       12%        N/A       10%         2
Your spell library was empty.

Dungeon Overview and Level Annotations

Branches:
Dungeon (3/15)

Altars:


Innate Abilities, Weirdness & Mutations

You are immune to sickness and miasma.
You are immune to poison.
Your flesh is very heat resistant. (rF++)
You are vulnerable to cold. (rC-)
You float through the air rather than walking.
You learn spells naturally, not from books.
Your magical power is your life essence.
You have superior vitality. (+4 HP)


Message History

The hound bites you.
* * * LOW HITPOINT WARNING * * *
Found 11 bolts.
The centaur wields a +0 shortbow.
The centaur shoots an arrow.
The arrow misses you.
Casting: Blink (safe; 10% risk of failure)
Confirm with . or Enter, or press ? or * to list all spells.
The orc is struck by an arc of lightning!
You kill the orc!
The centaur is struck by an arc of lightning.
The centaur is lightly wounded.
The lightning grounds out.
* * * LOW HITPOINT WARNING * * *
The hound barely misses you.
Casting: Static Discharge (safe; 10% risk of failure)
Confirm with . or Enter, or press ? or * to list all spells.
The hound is struck by an arc of lightning.
The hound is moderately wounded.
You are struck by an arc of lightning.
* * * LOW HITPOINT WARNING * * *
The lightning grounds out.
* * * LOW HITPOINT WARNING * * *
The hound closely misses you.
Casting: Static Discharge (safe; 10% risk of failure)
Confirm with . or Enter, or press ? or * to list all spells.
The hound is struck by an arc of lightning!
The hound is almost dead.
The centaur is struck by an arc of lightning.
The centaur is moderately wounded.
The orc warrior is struck by an arc of lightning!
The orc warrior is moderately wounded.
The lightning grounds out.
* * * LOW HITPOINT WARNING * * *
The hound closely misses you. x2
Casting: Static Discharge (safe; 10% risk of failure)
Confirm with . or Enter, or press ? or * to list all spells.
You don't have enough health to cast this spell.
You barely miss the hound.
The hound is almost dead.
The hound bites you but does no damage. The hound completely misses you.
You hit the hound.
You kill the hound!
The centaur shoots an arrow.
The arrow closely misses you. The orc warrior misses you.
The centaur shoots an arrow.
The arrow closely misses you.
The centaur shoots an arrow.
The arrow hits you.
* * * LOW HITPOINT WARNING * * *
The centaur shoots an arrow.
The arrow barely misses you.
The centaur shoots an arrow.
The arrow hits you!
You die...

............o......... #o#
.#####.#####.#######. #.# #...#o#
.... #.# ######...#.# .#.###
#...#o# #........#.# .#.# #...#.#
#o###....#.###.#.######...#.#
#####.###....#................#.#
......o.#........#+#..........#..
#####.#o########@.............#.#
#.#.##.....#.....#.# #..†#.#
#.#.##.##..#.....# #.....#
#.#.##.##..#.....# #.#...#
#.#....)...c.....# #.#.#
#+####.#####.#..## #.### .....
........ ... .(##......###.###
..... ... #......# .# ......#


You could see a centaur.

Vanquished Creatures
  A scorpion (D:6)
  A centaur zombie (D:6)
  A hound (D:6)
  A hound skeleton (D:2)
  2 adders (D:2)
  2 dart slugs
  2 orcs
  5 ball pythons
  8 bats
  5 endoplasms
  2 giant cockroaches
  6 goblins
  7 hobgoblins
  7 jackals
  3 frilled lizards
  9 kobolds
  2 rats
64 creatures vanquished.

Notes
Turn   | Place    | Note
-------+----------+-------------------------------------------
     0 | D:1      | Grimdewalt the Djinni Warper began the quest for the Orb.
     0 | D:1      | Reached XP level 1. HP: 18/18 MP: 0/0
   124 | D:1      | Reached XP level 2. HP: 2/23 MP: 0/0
   640 | D:1      | Reached XP level 3. HP: 29/29 MP: 0/0
   640 | D:1      | Learned a level 1 spell: Magic Dart
  1407 | D:2      | Reached XP level 4. HP: 30/34 MP: 0/0
  2494 | D:3      | Reached XP level 5. HP: 39/40 MP: 0/0
  2494 | D:3      | Learned a level 2 spell: Static Discharge
  2651 | D:3      | You are sucked into a shaft and drop 3 floors!
  2920 | D:6      | Reached XP level 6. HP: 37/46 MP: 0/0
  2983 | D:6      | Noticed an orc warrior
  3061 | D:6      | HP: 2/47 [centaur/arrow (1)]
  3062 | D:6      | Shot with an arrow by a centaur

Illustrated notes

Levels and vault maps discovered:
D:1:      ncdulo_halloftheorcs, layout_basic
D:2:      layout_basic
D:3:      layout_rooms, hangedman_abyss_or_decor_stabs,
          kennysheep_decorative_pillar, grunt_decor_cap
D:6:      layout_basic

Skill      XL: |  1  2  3  4  5 |
---------------+----------------+-----
Maces & Flails | 2 3 |  3.1
Spellcasting   | 3 |  3.4
Fighting       | 3 |  3.7
Throwing       | |  0.7
Armour         | |  1.0
Dodging        | |  2.1

Action                   |  1- 3 |  4- 6 || total
-------------------------+-------+-------++-------
Melee: Mace              |   101 |    92 ||   193
 Cast: Static Discharge  |       |    11 ||    11
       Magic Dart        |       |     2 ||     2
       Blink             |       |     1 ||     1
Armor: Leather armour    |    46 |    35 ||    81
Dodge: Dodged            |    94 |    89 ||   183

Table legend: (Time is in decaauts)
 A = Elapsed time spent in this place.
 B = Non-inter-level travel time spent in this place.
 C = Inter-level travel time spent in this place.
 D = Time resting spent in this place.
 E = Time spent auto-exploring this place.
 F = Levels seen in this place.
 G = Mean time per level.
                   A        B        C        D        E       F      G
               +--------+--------+--------+--------+--------+-----+--------+
         Total |   3117 |   3102 |     15 |    266 |   2272 |   4 |  779.2 |
       Dungeon |   3117 |   3102 |     15 |    266 |   2272 |   4 |  779.2 |
               +--------+--------+--------+--------+--------+-----+--------+

Top non-repeatable levels by time:
     D:1: 1424 daAuts
     D:2: 760 daAuts
     D:3: 519 daAuts
     D:6: 412 daAuts
